 Dungeon Crawl Stone Soup version 0.19.1 (webtiles) character file.

5154 Gargoyl the Protected (level 10, 0/84 HPs)
             Began as a Ghoul Abyssal Knight on Dec 6, 2016.
             Was an Elder of Lugonu.
             Slain by Erica
             ... wielding a +4 scimitar of flaming
              (2 damage)
             ... on level 9 of the Dungeon.
             The game lasted 00:16:01 (7166 turns).

Gargoyl the Protected (Ghoul Abyssal Knight)        Turns: 7166, Time: 00:16:01

Health: 0/84       AC: 17    Str: 19    XL:     10   Next: 59%
Magic:  14/14      EV:  8    Int:  7    God:    Lugonu [****..]
Gold:   119        SH:  3    Dex:  9    Spells: 0 memorised, 9 levels left

rFire  . . .     SeeInvis +     t - +3 war axe (freeze)
rCold  + . .     Gourm    .     d - +2 chain mail {rPois}
rNeg   + + +     Faith    .     v - +0 buckler
rPois  ∞         Spirit   .     B - +2 hat of the High Council {Archmagi, Wiz- Stlth-}
rElec  .         Reflect  .     p - +0 cloak
rCorr  .         Harm     .     (no gloves)
MR     .....                    Q - +0 pair of boots {Fly}
Stlth  ..........               (no amulet)
                                (no ring)
                                h - ring of see invisible

@: flying, rotting
A: rotting body, claws 1, carnivore 3, cold resistance 1, negative energy
resistance 3, slow regeneration 1, torment resistance, unbreathing
a: Depart the Abyss, Bend Space, Banish, Corrupt, Renounce Religion, Stop Flying


You were on level 9 of the Dungeon.
You worshipped Lugonu.
Lugonu was greatly pleased with you.
You were not hungry.

You visited 1 branch of the dungeon, and saw 9 of its levels.
You visited the Abyss 1 time.

You collected 413 gold pieces.
You spent 294 gold pieces at shops.

Inventory:

Hand Weapons
 j - a +0 war axe of flaming
 t - a +3 war axe of freezing (weapon)
 w - a +2 spear of venom
 G - a +0 war axe
Missiles
 i - 8 javelins (quivered)
Armour
 d - a +2 chain mail of poison resistance (worn)
 p - a +0 cloak (worn)
 v - a +0 buckler (worn)
 B - the +2 hat of the High Council (worn) {Archmagi, Wiz- Stlth-}
   (You found it on level 6 of the Dungeon)

   It makes you less stealthy.
 Q - a +0 pair of boots of flying (worn)
Jewellery
 h - a ring of see invisible (left claw)
Wands
 a - a wand of lightning (8/15)
 b - a wand of confusion (39/48)
 n - a wand of polymorph (5/24)
 o - a wand of iceblast (2/15)
 y - a wand of lightning (7/15)
 C - a wand of acid (8/15)
 H - a wand of random effects (18/48)
 K - a wand of flame (36/48)
 O - a wand of lightning (8/15)
Scrolls
 e - a scroll of identify
 l - 3 scrolls of remove curse
 A - a scroll of recharging
 E - 2 scrolls of amnesia
 F - a scroll of fear
 J - 2 scrolls of enchant weapon
Potions
 g - 2 potions of curing
 m - a potion of flight {unknown}
 q - a potion of invisibility
 r - a potion of resistance {unknown}
 s - 2 potions of cure mutation {unknown}
 u - 4 potions of mutation {unknown}
 D - 2 potions of degeneration {unknown}
 M - a potion of brilliance {unknown}
 N - a potion of agility {unknown}
 P - a potion of magic {unknown}
 R - a potion of experience {unknown}
Books
 x - a book of Minor Magic

   Spells                             Type                      Level
   a - Magic Dart                     Conjuration                  1
   b - Blink                          Translocation                2
   c - Call Imp                       Summoning                    2
   d - Repel Missiles                 Charms/Air                   2
   e - Slow                           Hexes                        2
   f - Conjure Flame                  Conjuration/Fire             3
   g - Mephitic Cloud                 Conjuration/Poison/Air       3
 I - a book of Misfortune

   Spells                             Type                      Level
   a - Confusing Touch                Hexes                        1
   b - Confuse                        Hexes                        3
   c - Gell's Gravitas                Hexes/Translocation          3
   d - Petrify                        Transmutation/Earth          4
   e - Metabolic Englaciation         Hexes/Ice                    5
   f - Yara's Violent Unravelling     Hexes/Transmutation          5
Comestibles
 c - 2 meat rations
 f - 2 beef jerkies
 k - a slice of pizza
 z - 2 royal jellies


   Skills:
 + Level 6.5 Fighting
 + Level 8.2 Axes
 + Level 0.5 Throwing
 * Level 8.6 Armour
 + Level 2.1 Dodging
 + Level 1.7 Shields
 * Level 7.0 Invocations


You had 9 spell levels left.
You didn't know any spells.

Dungeon Overview and Level Annotations

Branches:
Dungeon (9/15)             Temple (0/1) D:6            Lair (0/6) D:8
    Orc: D:9-12

Altars:
Cheibriados
Dithmenos
Elyvilon
Okawaru
Sif Muna
Uskayaw
Vehumet

Shops:
D:5 *   D:8 *

Annotations:
D:9 Erica


Innate Abilities, Weirdness & Mutations

Your body is rotting away.
You thrive on raw meat.
You are immune to poison.
You have sharp fingernails.
You are carnivorous and can eat meat at any time.
Your flesh is cold resistant. (rC+)
You are immune to negative energy. (rN+++)
You regenerate slowly when monsters are visible.
You are immune to unholy pain and torment.
You can survive without breathing.


Message History

* * * LOW HITPOINT WARNING * * *
The killer bee stings you but does no damage.
The killer bee stings you.
* * * LOW HITPOINT WARNING * * *
The killer bee stings you.
* * * LOW HITPOINT WARNING * * *
The killer bee completely misses you.
The orc warrior hits you with a hand axe.
* * * LOW HITPOINT WARNING * * *
The orc hits you but does no damage.
Eat one of 3 chunks of flesh? (ye/n/q)
You start eating one of the 3 chunks of flesh.
The killer bee stings you but does no damage. x2
The killer bee barely misses you.
The killer bee stings you but does no damage.
The killer bee stings you.
* * * LOW HITPOINT WARNING * * *
The killer bee closely misses you.
Erica hits you with a scimitar of flaming.
You die...

.# #.### #.....
#...... .....?.
##....... ###
##oyo..... ....#
##.###o@@......
.....#
#.....y.y.....#
#...####..........###
#...# ##........##
#...###.....>..##
.####............###
....##.......<..##
...............##
..............##


You could see Erica (invisible), an orc warrior, 3 killer bees and 2 orcs.

Vanquished Creatures
  Pikel (D:8)
  A cyclops (D:7)
  2 spiny frogs (D:8)
  The ghost of Perturabo the Skirmisher, an amateur HOFi (D:4)
  A blink frog (D:8)
  A spriggan (D:7)
  Eustachio (D:5)
  Grum (D:8)
  A hungry ghost (D:7)
  An orc warrior (D:8)
  A sky beast (D:9)
  An ice beast (D:6)
  2 black bears
  An ogre (D:4)
  2 wolves (D:8)
  A big kobold (D:8)
  6 bullfrogs
  A gnoll sergeant (D:5)
  3 scorpions
  7 killer bees
  4 wights (D:7)
  2 howler monkeys
  2 crimson imps (D:5)
  A bullfrog skeleton (D:8)
  3 hounds
  4 orc priests
  A centaur skeleton (D:8)
  A jelly (D:5)
  8 orc wizards
  Crazy Yiuf (D:5)
  A hell rat (D:8)
  6 worker ants
  A hound skeleton (D:5)
  A howler monkey zombie (D:8)
  3 gnolls (D:5)
  7 adders
  2 adder skeletons
  3 adder zombies
  5 worms
  3 dart slugs
  3 leopard geckos
  31 orcs
  A ball python (D:1)
  7 giant cockroaches
  5 goblins
  4 hobgoblins (D:1)
  9 jackals
  6 quokkas
  5 bats
  A frilled lizard (D:1)
  7 kobolds
  2 leopard gecko skeletons
  A quokka skeleton (D:5)
  A quokka zombie (D:5)
  5 rats
183 creatures vanquished.

Vanquished Creatures (others)
  4 slaves (D:8)
4 creatures vanquished.

Grand Total: 187 creatures vanquished

Notes
Turn   | Place    | Note
-------+----------+-------------------------------------------
     0 | Abyss:1  | Gargoyl the Ghoul Abyssal Knight began the quest for the Orb.
     0 | Abyss:1  | Reached XP level 1. HP: 19/19 MP: 1/1
     8 | Abyss:1  | Noticed a chaos spawn
     9 | Abyss:1  | Noticed a chaos spawn
    59 | D:1      | Escaped the Abyss
   111 | D:1      | Reached * piety under Lugonu
   226 | D:1      | Reached XP level 2. HP: 26/26 MP: 2/2
   745 | D:1      | Reached XP level 3. HP: 31/33 MP: 3/3
   913 | D:2      | Found a faded altar of an unknown god.
  1352 | D:2      | Found a snail-covered altar of Cheibriados.
  1514 | D:3      | Reached XP level 4. HP: 34/40 MP: 4/4
  1722 | D:3      | Reached ** piety under Lugonu
  1778 | D:3      | Reached XP level 5. HP: 38/46 MP: 5/5
  1937 | D:3      | Found a deep blue altar of Sif Muna.
  2047 | D:4      | Noticed Perturabo's ghost (amateur HOFi)
  2091 | D:4      | Killed Perturabo's ghost
  2091 | D:4      | Reached skill level 1 in Dodging
  2091 | D:4      | Reached XP level 6. HP: 12/53 MP: 5/7
  2320 | D:4      | Reached XP level 7. HP: 53/59 MP: 8/8
  2712 | D:5      | Entered Level 5 of the Dungeon
  2816 | D:5      | Reached skill level 5 in Armour
  2926 | D:5      | Reached XP level 8. HP: 61/66 MP: 10/10
  2975 | D:5      | Found Zaiw's Assorted Antiques.
  3028 | D:5      | Noticed Eustachio
  3057 | D:5      | Killed Eustachio
  3057 | D:5      | Reached skill level 5 in Axes
  3475 | D:5      | Reached *** piety under Lugonu
  3493 | D:5      | Found a runed door.
  3497 | D:5      | Noticed Crazy Yiuf
  3509 | D:5      | Killed Crazy Yiuf
  3620 | D:5      | Reached skill level 5 in Fighting
  3746 | D:6      | Found a radiant altar of Vehumet.
  4008 | D:6      | Found a staircase to the Ecumenical Temple.
  4829 | D:7      | Reached skill level 5 in Invocations
  4865 | D:7      | Reached XP level 9. HP: 70/74 MP: 11/11
  4920 | D:7      | Found an iron altar of Okawaru.
  5065 | D:7      | Noticed a dagger
  5066 | D:7      | Found a hide-covered altar of Uskayaw.
  5066 | D:7      | Noticed a hand axe
  5155 | D:7      | Found a white marble altar of Elyvilon.
  5297 | D:7      | Found a shadowy altar of Dithmenos.
  5357 | D:7      | Reached **** piety under Lugonu
  5541 | D:7      | Noticed a cyclops
  5720 | D:8      | Reached skill level 1 in Shields
  5741 | D:7      | Killed a cyclops
  5938 | D:8      | Noticed Pikel
  5954 | D:8      | Killed Pikel
  5954 | D:8      | Reached XP level 10. HP: 78/83 MP: 13/13
  6116 | D:8      | Noticed Grum
  6136 | D:8      | Killed Grum
  6177 | D:8      | Found a staircase to the Lair.
  6177 | D:8      | Noticed a spiny frog
  6183 | D:8      | Killed a spiny frog
  6199 | D:8      | Noticed a spiny frog
  6206 | D:8      | Killed a spiny frog
  6483 | D:8      | Found Vaymaesm's Assorted Antiques.
  6732 | D:5      | Bought a pair of embroidered boots for 294 gold pieces
  7158 | D:9      | Noticed Erica
  7165 | D:9      | HP: 3/84 [orc warrior/hand axe (2)]
  7166 | D:9      | Slain by Erica

Skill      XL: |  1  2  3  4  5  6  7  8  9 10 |
---------------+-------------------------------+-----
Armour         | 2 3 4 5 6 8 |  8.6
Axes           | 2 3 4 6 7 8 |  8.2
Fighting       | 4 5 6 |  6.5
Dodging        | 1 2 |  2.1
Invocations    | 3 4 5 6 7 |  7.0
Shields        | 1 |  1.7
Throwing       | |  0.5

Action                   |  1- 3 |  4- 6 |  7- 9 | 10-12 || total
-------------------------+-------+-------+-------+-------++-------
Melee: Hand axe          |   169 |    83 |       |       ||   252
       War axe           |       |     5 |   351 |   121 ||   477
Throw: Javelin           |       |       |     4 |       ||     4
Invok: Depart the Abyss  |     1 |       |       |       ||     1
  Use: Scroll            |     3 |       |    13 |       ||    16
       Potion            |       |     6 |     2 |       ||     8
 Stab: Invisible         |       |       |     1 |       ||     1
  Eat: Chunk             |    12 |     6 |    44 |    14 ||    76
Armor: Chain mail        |   154 |    62 |   281 |   123 ||   620
Dodge: Dodged            |    65 |    23 |   177 |    73 ||   338
Block: Buckler           |       |       |    38 |    27 ||    65
